 Dungeon Crawl Stone Soup version 0.27-a0-277-g024f7ef292 (webtiles) character file.

Game seed: 12866329914532371560

931 mobtown the Purveyor of Pain (level 7, -5/38 HPs)
             Began as a Deep Elf Necromancer on Feb 6, 2021.
             Was an Initiate of Kikubaaqudgha.
             Slain by a wyvern zombie (11 damage)
             ... on level 6 of the Dungeon.
             The game lasted 00:17:56 (7234 turns).

mobtown the Purveyor of Pain (Deep Elf Necromancer) Turns: 7234, Time: 00:17:57

Health: -5/38      AC:  7    Str:  5    XL:     7   Next: 86%
Magic:  18/18      EV: 14    Int: 22    God:    Kikubaaqudgha [......]
Gold:   294        SH:  0    Dex: 15    Spells: 9/18 levels left

rFire    . . .     SeeInvis .   l - +3 dagger
rCold    + . .     Faith    .   (no shield)
rNeg     . . .     Spirit   .   a - +0 robe
rPois    .         Reflect  .   (no helmet)
rElec    .         Harm     .   r - +1 cloak
rCorr    .         Rampage  .   t - +2 pair of gloves
Will     .....                  (no boots)
Stlth    +++.......             i - amulet of the acrobat
HPRegen  0.12/turn              u - ring of protection from cold
MPRegen  0.16/turn              (no ring)

@: no status effects
A: mutation resistance 1, no potion heal 1
a: Renounce Religion


You were on level 6 of the Dungeon.
You worshipped Kikubaaqudgha.
Kikubaaqudgha was noncommittal.
You visited 2 branches of the dungeon, and saw 7 of its levels.

You collected 294 gold pieces.

Inventory:

Hand Weapons
 f - a +3 short sword
 l - a +3 dagger (weapon)
 v - a +2 dagger of draining
Missiles
 b - 170 stones
 q - 68 arrows
Armour
 a - a +0 robe (worn)
 r - a +1 cloak (worn)
 t - a +2 pair of gloves (worn)
Jewellery
 i - an amulet of the acrobat (around neck)
 o - an uncursed ring of fire
 u - a ring of protection from cold (left hand)
 B - an uncursed ring of fire
Wands
 d - a wand of acid (12)
 n - a wand of charming (7)
 p - a wand of iceblast (22)
 s - a wand of digging (7)
Scrolls
 g - 6 scrolls of teleportation
 j - 4 scrolls of enchant weapon
 w - 6 scrolls of remove curse
 y - a scroll of magic mapping {unknown}
 z - a scroll of amnesia
Potions
 c - 2 potions of invisibility
 h - a potion of flight {unknown}
 k - 4 potions of haste
 m - a potion of degeneration {unknown}
 x - 3 potions of ambrosia
 A - a potion of cancellation {unknown}
 C - a potion of might {unknown}


   Skills:
 + Level 1.1 Fighting
 + Level 2.7 Short Blades
 + Level 4.1 Dodging
 + Level 3.9 Stealth
 + Level 6.3 Spellcasting
 * Level 8.7 Necromancy


You had 9 spell levels left.
You knew the following spells:

 Your Spells              Type           Power        Failure   Level
a - Pain                  Necr           100%         1%          1
b - Animate Skeleton      Necr           90%          1%          1
c - Vampiric Draining     Necr           22%          1%          3
d - Animate Dead          Necr           22%          2%          4

Your spell library contained the following spells:

 Spells                   Type           Power        Failure   Level
 Agony                    Necr           45%          7%          5


Dungeon Overview and Level Annotations

Branches:
Dungeon (6/15)             Temple (1/1) D:5

Altars:
Cheibriados
Gozag
Hepliaklqana
Kikubaaqudgha
Makhleb
Nemelex Xobeh
Okawaru
Qazlal
Sif Muna
Wu Jian
Xom
Zin
The Shining One


Innate Abilities, Weirdness & Mutations

You are somewhat resistant to further mutation.
Potions are less effective at restoring your health.


Message History

The wyvern zombie bites you.
You hit the wyvern zombie.
The wyvern zombie is lightly damaged.
The wyvern zombie bites you!
You hit the wyvern zombie.
The wyvern zombie is lightly damaged.
The wyvern zombie bites you!
* * * LOW HITPOINT WARNING * * *
You hit the wyvern zombie.
The wyvern zombie is moderately damaged.
The wyvern zombie completely misses you.
Casting: Vampiric Draining (safe; 1% risk of failure)
Confirm with . or Enter, or press ? or * to list all spells.
Okay, then.
Your system partially rejects the healing.
You feel better. The wyvern zombie bites you!
* * * LOW HITPOINT WARNING * * *
The wyvern zombie bites you!
You die...
Kikubaaqudgha rasps: "You have failed me!
Welcome... death!"

##################
#..)........@Z...#
#.####.########..#
#.# #.# #..#
#####.## #.# #..#
.......###.# #..#
.....#.....# #..#
#....#...### #...
#..#####.# ...#
#.. #...### .###


You could see a wyvern zombie.

Vanquished Creatures
  A water moccasin (D:6)
  A sky beast (D:5)
  An ice beast (D:6)
  A centaur (D:6)
  Blork the orc (D:5)
  3 bullfrogs (D:6)
  A scorpion (D:4)
  3 hounds
  An iguana (D:4)
  A hound zombie (D:5)
  A worker ant zombie (D:5)
  5 adders
  A shadow imp (D:5)
  2 oozes (D:5)
  A worm (D:4)
  A dart slug (D:1)
  2 leopard geckos
  3 orcs
  4 giant cockroaches
  2 goblins (D:1)
  5 hobgoblins
  7 jackals
  A quokka (D:2)
  4 bats
  3 frilled lizards
  7 kobolds
  A leopard gecko skeleton (D:4)
  A quokka skeleton (D:4)
  3 rats
68 creatures vanquished.

Vanquished Creatures (others)
  An orc wizard (D:4)
1 creature vanquished.

Grand Total: 69 creatures vanquished

Notes
Turn   | Place    | Note
-------+----------+-------------------------------------------
     0 | D:1      | mobtown the Deep Elf Necromancer began the quest for the
                  | Orb.
     0 | D:1      | Reached XP level 1. HP: 10/10 MP: 6/6
   252 | D:1      | Reached skill level 5 in Necromancy
   590 | D:1      | Reached XP level 2. HP: 15/15 MP: 8/8
  1430 | D:2      | Reached XP level 3. HP: 6/19 MP: 4/9
  1432 | D:2      | Learned a level 1 spell: Animate Skeleton
  1436 | D:2      | Learned a level 3 spell: Vampiric Draining
  1997 | D:2      | Found a sparkling altar of Nemelex Xobeh.
  2627 | D:3      | Reached skill level 6 in Necromancy
  3016 | D:3      | Reached XP level 4. HP: 23/24 MP: 5/11
  3119 | D:3      | Gained mutation: Potions are less effective at restoring
                  | your health. [potion of mutation]
  3119 | D:3      | Gained mutation: You are somewhat resistant to further
                  | mutation. [potion of mutation]
  3504 | D:3      | Found a shimmering blue altar of Sif Muna.
  4079 | D:4      | Found an opulent altar of Gozag.
  4159 | D:4      | Reached XP level 5. HP: 21/28 MP: 8/13
  4175 | D:4      | Reached skill level 7 in Necromancy
  4269 | D:4      | Found a shimmering altar of Xom.
  4636 | D:4      | Reached skill level 1 in Short Blades
  5196 | D:5      | Entered Level 5 of the Dungeon
  5254 | D:5      | Reached XP level 6. HP: 26/33 MP: 15/15
  5324 | D:5      | Learned a level 4 spell: Animate Dead
  5384 | D:5      | Noticed Blork the orc
  5400 | D:5      | Killed Blork the orc
  5577 | D:5      | Noticed a sky beast
  5587 | D:5      | Killed a sky beast
  5588 | D:5      | Reached skill level 5 in Spellcasting
  5798 | D:5      | Found a staircase to the Ecumenical Temple.
  5803 | Temple   | Entered the Ecumenical Temple
  5847 | Temple   | Became a worshipper of Kikubaaqudgha
  6595 | D:6      | Noticed a water moccasin
  6595 | D:6      | Noticed an ice beast
  6607 | D:6      | Killed a water moccasin
  6608 | D:6      | Reached skill level 8 in Necromancy
  6608 | D:6      | Reached XP level 7. HP: 28/37 MP: 7/17
  6742 | D:6      | Reached skill level 1 in Fighting
  6802 | D:6      | Found a glowing golden altar of the Shining One.
  7234 | D:6      | Slain by a wyvern zombie

Illustrated notes

Levels and vault maps discovered:
D:1:      lemuel_arrival_hallway, layout_loops_ring
D:2:      layout_basic, nemelex_altar_shiori
D:3:      layout_rooms, led_sif_book
D:4:      layout_loops_ring, xom_confusion_cloud,
          nicolae_overflow_hidden_temple, grunt_gozag_statues
D:5:      layout_basic, minmay_temple_entry_statues_pillars, minivault_14,
          nrook_mini_backslash, hangedman_abyss_or_decor_passed,
          uniq_blork_the_orc
D:6:      layout_loops_ring, basic_altar
Temple:   regret_index_temple_waves

Skill      XL: |  1  2  3  4  5  6  7 |
---------------+----------------------+-----
Necromancy     | 5 6 7 8 |  8.7
Stealth        | 3 |  3.9
Spellcasting   | 4 5 6 |  6.3
Short Blades   | 1 2 |  2.7
Dodging        | 3 4 |  4.1
Fighting       | 1 |  1.1

Action                   |  1- 3 |  4- 6 |  7- 9 || total
-------------------------+-------+-------+-------++-------
Melee: Short sword       |    27 |       |       ||    27
       Dagger            |    11 |   137 |    46 ||   194
 Cast: Pain              |    40 |    12 |       ||    52
       Vampiric Draining |     1 |    11 |     5 ||    17
Evoke: Wand              |       |       |     1 ||     1
  Use: Scroll            |       |    12 |     1 ||    13
       Potion            |       |     3 |     1 ||     4
 Stab: Sleeping          |     3 |     1 |     1 ||     5
Armor: Robe              |    19 |    43 |    15 ||    77
Dodge: Dodged            |    48 |    73 |    29 ||   150

Table legend: (Time is in decaauts)
 A = Elapsed time spent in this place.
 B = Non-inter-level travel time spent in this place.
 C = Inter-level travel time spent in this place.
 D = Time resting spent in this place.
 E = Time spent auto-exploring this place.
 F = Levels seen in this place.
 G = Mean time per level.
                   A        B        C        D        E       F      G
               +--------+--------+--------+--------+--------+-----+--------+
         Total |   7220 |   7220 |      0 |   2290 |   3913 |   7 | 1031.4 |
       Dungeon |   7141 |   7141 |      0 |   2290 |   3877 |   6 | 1190.2 |
        Temple |     78 |     78 |      0 |      0 |     36 |   1 |   78.0 |
               +--------+--------+--------+--------+--------+-----+--------+

Top non-repeatable levels by time:
     D:3: 1848 daAuts
     D:5: 1315 daAuts
     D:4: 1132 daAuts
     D:1: 1119 daAuts
     D:2: 1091 daAuts
     D:6: 633 daAuts
  Temple: 78 daAuts
